 Dungeon Crawl Stone Soup version 0.30-b1-2-g02819fbbbe (webtiles) character file.

Game seed: 16014488835850478317

101699 shayaa the Severer (level 16, 0/118 HPs)
             Began as a Barachi Fighter on May 3, 2023.
             Was the Champion of the Shining One.
             Slain by a 14-headed hydra (4 damage)
             ... on level 5 of the Lair of Beasts.
             The game lasted 01:18:54 (23992 turns).

shayaa the Severer (Barachi Fighter)               Turns: 23992, Time: 01:18:54

Health: 0/118      AC: 31    Str: 27    XL:     16   Next: 31%
Magic:  16/16      EV: 14    Int:  8    God:    the Shining One [******]
Gold:   1017       SH: 23    Dex: 10    Spells: 17/18 levels left

rFire   + . .        M - +5 broad axe (heavy)
rCold   + . .        n - +0 tower shield
rNeg    + + +        I - +1 plate armour
rPois   +            V - +2 helmet
rElec   +            A - +1 cloak {Will+}
rCorr   +            o - +1 Delatra's gloves {ID++}
SInv    .            P - +1 pair of boots
Will    ++...        m - amulet of reflection Stlth
                     h - +4 ring of slaying
HPRegen 0.39/turn    r - ring "Bunagh" {EV+5 Str+3}
MPRegen 0.15/turn

%: random rage (3%), reflection
@: resistant, glowing, studying 2 skills, slow
A: amphibious, slowness 1, strong legs 2, +LOS, iridescent scales 1, berserk 1,
clumsy 1, dopey 1, frail 1, low MP 1
a: Hop, Renounce Religion, Divine Shield, Cleansing Flame, Summon Divine
Warrior, Brand Weapon With Holy Wrath


You were on level 5 of the Lair of Beasts.
You worshipped the Shining One.
The Shining One was exalted by your worship.
You visited 7 branches of the dungeon, and saw 25 of its levels.
You also visited: Ossuary.

You collected 1549 gold pieces.
You spent 532 gold pieces at shops.

Inventory:

Hand Weapons
 w - a +1 battleaxe of holy wrath
 M - a +5 heavy broad axe (weapon)
Missiles
 y - 66 poisoned darts
Armour
 n - a +0 tower shield (worn)
 o - the +1 Delatra's gloves (worn) {ID++}
   (You found it on level 2 of the Dungeon)

   ID++:      It heals its wearer when they drink unknown potions, and restores
   their MP when they read unknown scrolls.
 A - a +1 cloak of willpower (worn)
 E - the +0 pair of gloves of the Thunderstorm {Rampage MP+9}
   (You found it on level 5 of the Dungeon)

   MP:        It affects your magic capacity (+9).
   Rampage:   It bestows one free step when moving towards enemies.
 I - a +1 plate armour (worn)
 P - a +1 pair of boots (worn)
 R - a +2 chain mail of poison resistance
 V - a +2 helmet (worn)
Jewellery
 d - an amulet of regeneration
 h - a +4 ring of slaying (left hand)
 m - an amulet of reflection (around neck)
 r - the ring "Bunagh" (right hand) {EV+5 Str+3}
   (You bought it in a shop on level 9 of the Dungeon)

   [ring of evasion]

   EV:        It affects your evasion (+5).
   Str:       It affects your strength (+3).
 u - a ring of magical power
 T - the ring "Omunwid" {rPois Will+ Int+4}
   (You found it on level 4 of the Lair of Beasts)

   [ring of poison resistance]

   Int:       It affects your intelligence (+4).
   rPois:     It protects you from poison.
   Will:      It increases your willpower.
Wands
 e - a wand of light (5)
 k - a wand of charming (7)
 l - a wand of flame (14)
 v - a wand of digging (11)
 L - a wand of mindburst (1)
 O - a wand of iceblast (9)
 Z - a wand of polymorph (2)
Scrolls
 f - a scroll of fear
 g - 3 scrolls of poison
 j - 4 scrolls of teleportation
 q - 8 scrolls of magic mapping
 s - 6 scrolls of vulnerability
 t - 8 scrolls of identify
 x - 7 scrolls of noise
 D - 4 scrolls of fog
 G - 5 scrolls of immolation
 H - 5 scrolls of amnesia
 K - 3 scrolls of torment
 Q - a scroll of summoning
 X - a scroll of brand weapon
Potions
 a - 2 potions of invisibility {unknown}
 b - 2 potions of berserk rage {unknown}
 c - 2 potions of magic {unknown}
 i - 2 potions of resistance
 z - 4 potions of flight {unknown}
 B - 10 potions of haste {unknown}
 C - 3 potions of attraction
 F - 2 potions of ambrosia {unknown}
 J - 4 potions of brilliance {unknown}
 N - 3 potions of mutation {unknown}
 S - a potion of might
Miscellaneous
 Y - a lightning rod (4/4)


   Skills:
 + Level 13.8 Fighting
 + Level 4.3 Short Blades
 + Level 18.6 Axes
 + Level 0.2(11.2) Polearms
 + Level 14.2 Armour
 + Level 6.7 Dodging
 + Level 1.7 Stealth
 + Level 16.3 Shields
 + Level 1.8 Spellcasting
 + Level 1.8 Translocations
 + Level 5.4 Evocations


You had 17 spell levels left.
You knew the following spells:

 Your Spells              Type           Power      Damage    Failure   Level
a - Apportation           Tloc           6%         N/A       93%         1

Your spell library contained the following spells:

 Spells                   Type           Power      Damage    Failure   Level
 Magic Dart               Conj           0%         1d3       99%         1
 Ensorcelled Hibernation  Hex/Ice        0%         N/A       100%        2
 Searing Ray              Conj           0%         2d4       100%        2
 Dazzling Flash           Conj/Hex       0%         N/A       100%        3
 Inner Flame              Hex/Fire       0%         N/A       100%        3
 Spider Form              Tmut/Pois      0%         N/A       100%        3
 Stone Arrow              Conj/Erth      0%         3d7       100%        3
 Summon Guardian Golem    Hex/Summ       0%         N/A       100%        3
 Vhi's Electric Charge    Tloc/Air       4%         N/A       100%        3
 Volatile Blastmotes      Fire/Tloc      4%         2d10      100%        3
 Anguish                  Hex/Necr       0%         N/A       100%        4
 Animate Armour           Summ/Erth      0%         N/A       100%        4
 Dispel Undead            Necr           0%         3d6       100%        4
 Fulminant Prism          Conj/Hex       0%         3d5       100%        4
 Iskenderun's Mystic Bla  Conj/Tloc      2%         2d3       100%        4
 Alistair's Intoxication  Tmut/Pois      0%         N/A       100%        5
 Arcjolt                  Conj/Air       0%         1d10      100%        5
 Blade Hands              Tmut           0%         N/A       100%        5
 Irradiate                Conj/Tmut      0%         3d11      100%        5
 Summon Forest            Summ/Tloc      1%         N/A       100%        5
 Yara's Violent Unravell  Hex/Tmut       0%         3d3       100%        5
 Eringya's Noxious Bog    Tmut/Pois      0%         N/A       100%        6
 Starburst                Conj/Fire      0%         6d3       100%        6
 Dragon Form              Tmut           0%         N/A       100%        7
 Enfeeble                 Hex            0%         N/A       100%        7
 Orb of Destruction       Conj           0%         9d5       100%        7
 Spellforged Servitor     Conj/Summ      0%         N/A       100%        7
 Summon Hydra             Summ           0%         N/A       100%        7
 Lehudib's Crystal Spear  Conj/Erth      0%         10d2      100%        8
 Maxwell's Capacitive Co  Air            0%         ∞         100%        8


Dungeon Overview and Level Annotations

Branches:
Dungeon (15/15)            Temple (1/1) D:7            Lair (5/5) D:10
 Shoals (1/4) Lair:3        Snake (1/4) Lair:3        Slime (1/5) Lair:5
    Orc (0/2) D:10         Vaults (0/5) D:13         Depths (1/4) D:15
Ossuary (visited)

Altars:
Ashenzari
Cheibriados
Dithmenos
Elyvilon
Fedhas
Gozag
Hepliaklqana
Kikubaaqudgha
Makhleb
Nemelex Xobeh
Okawaru
Qazlal
Ru
Sif Muna
Trog
Uskayaw
Vehumet
Wu Jian
Xom
Yredelemnul
Zin
The Shining One

Shops:
D:2 (   D:9 *   D:13 *   D:15 [


Innate Abilities, Weirdness & Mutations

You are amphibious.
You cover ground slowly.
You can hop long distances.
You have an extended range of vision and can be seen from far away.
You are partially covered in iridescent scales. (AC +2)
You sometimes lose your temper in combat.
You are clumsy. (Dex -2)
You are dopey. (Int -2)
You are frail. (-10% HP)
Your magical capacity is low. (-10% MP)


Message History

You block the 14-headed hydra's attack. x2
The 14-headed hydra bites you but does no damage.
You block the 14-headed hydra's attack. x2
The 14-headed hydra bites you but does no damage. x2
The 14-headed hydra barely misses you. You block the 14-headed hydra's attack.
The 14-headed hydra misses you.
The 14-headed hydra bites you but does no damage. x2
You block the 14-headed hydra's attack.
The 14-headed hydra bites you but does no damage.
The manticore bites you!
* * * LOW HITPOINT WARNING * * *
The manticore barely misses you. The manticore closely misses you.
You feel protected. The 14-headed hydra closely misses you.
You block the 14-headed hydra's attack. The 14-headed hydra bites you.
* * * LOW HITPOINT WARNING * * *
You block the 14-headed hydra's attack.
The 14-headed hydra bites you but does no damage.
You block the 14-headed hydra's attack. The 14-headed hydra misses you.
The 14-headed hydra bites you but does no damage. x2
The 14-headed hydra bites you.
* * * LOW HITPOINT WARNING * * *
The 14-headed hydra bites you but does no damage.
The 14-headed hydra barely misses you.
The 14-headed hydra bites you but does no damage.
You block the 14-headed hydra's attack.
The manticore bites you but does no damage.
The manticore closely misses you. x2
You feel better. You block the 14-headed hydra's attack.
The 14-headed hydra closely misses you. The 14-headed hydra barely misses you.
The 14-headed hydra completely misses you.
You block the 14-headed hydra's attack.
The 14-headed hydra bites you but does no damage.
The 14-headed hydra completely misses you.
The 14-headed hydra barely misses you.
The 14-headed hydra bites you but does no damage.
The 14-headed hydra barely misses you. x2; The 14-headed hydra bites you!
* * * LOW HITPOINT WARNING * * *
The 14-headed hydra bites you.
You die...

..P..###..#####.....# ##.........
#.#####...††..#....P###..........
....###P..#...####.###.#...†.....
.....##.......###### ##....#.....
...P.###..#####P..## ##.........
....#.##......#....## ##........
...#####..........#.# ##........
P..# ##..........## ##.P.......
...### ##...#.D@..P# #..........
#....## ##.P###H#..# #..........
......# #.## ..# ..##..........
......# ### ...# P#...........
......# #...# ##.........<
.....## ###.# #...#...... ...###
... #...#.#.... ..## ...
###........ ...# ... #.........


You could see a 14-headed hydra and a manticore.

Vanquished Creatures
  Rupert (D:14)
  An acid blob (Lair:5)
  Gastronok (Lair:1)
  An azure jelly (Lair:5)
  A rockslime (Lair:5)
  A stone giant (Depths:1)
  An ettin (Depths:1)
  Snorg (D:13)
  A fire dragon (Depths:1)
  4 hydras
  Harold (Lair:1)
  A great orb of eyes (Slime:1)
  An anaconda (Lair:3)
  4 catoblepae
  4 centaur warriors
  3 boulder beetles
  7 death yaks
  7 two-headed ogres
  Erica (D:9)
  A vampire mage (D:15)
  A tengu warrior (D:11)
  Urug (D:10)
  A titan zombie (D:15)
  2 fire crabs
  7 skeletal warriors (D:15)
  2 skysharks
  A storm dragon skeleton (D:15)
  3 wizards
  Pikel (D:9)
  A swamp dragon (shapeshifter) (D:14)
  2 harpies (Lair:3)
  2 deep elf pyromancers
  2 necromancers
  A lindwurm (Lair:5)
  2 shining eyes (Slime:1)
  7 ugly things
  5 cyclopes
  6 manticores
  26 elephants
  7 black mambas
  A merfolk siren (Shoals:1)
  2 centaur zombies (D:15)
  A stone giant skeleton (D:15)
  A molten gargoyle (D:14)
  2 gargoyles (D:12)
  16 cane toads
  An efreet (D:15)
  Maggie (D:6)
  2 unseen horrors
  A rime drake (Lair:5)
  A freezing wraith (D:14)
  A komodo dragon (shapeshifter) (D:13)
  7 komodo dragons
  A tengu conjurer (D:11)
  A troll (shapeshifter) (D:14)
  5 trolls
  3 meliai (D:13)
  3 polar bears (Lair:5)
  A wolf spider simulacrum (D:14)
  A hornet (shapeshifter) (D:13)
  21 blink frogs
  7 slime creatures
  A meliai zombie (D:15)
  A spriggan skeleton (D:15)
  A centaur simulacrum (D:15)
  4 vampires
  Sigmund (D:3)
  3 water elementals (D:12)
  10 wyverns
  53 yaks
  3 shadows
  A human (D:13)
  2 wraiths
  3 hogs (D:13)
  4 basilisks
  Grum (D:8)
  2 golden eyes (Slime:1)
  3 fire elementals (Lair:2)
  3 steam dragons
  17 water moccasins
  3 hell hounds (Lair:2)
  5 orc warriors
  4 black bears (D:10)
  A hornet zombie (D:15)
  A sky beast (D:6)
  26 wolves
  13 centaurs
  2 lemures (D:9)
  3 phantoms (D:5)
  12 bullfrogs
  2 kobold brigands
  An elf zombie (Ossuary)
  A gnoll sergeant (D:7)
  5 scorpions
  3 howler monkeys (D:12)
  8 electric eels
  A human zombie (Ossuary)
  4 jellies
  3 lava snakes (D:14)
  10 orc priests
  3 hounds
  Ijyb (D:4)
  Jessica (D:2)
  A gnoll bouda (D:6)
  6 iguanas
  10 orc wizards
  A sleepcap (D:7)
  A hound zombie (Ossuary)
  4 mummies (Ossuary)
  18 gnolls
  8 adders
  A shadow imp (D:5)
  2 white imps
  An adder zombie (Ossuary)
  A worm (D:4)
  2 dart slugs (D:4)
  41 orcs
  7 ball pythons
  4 bats
  14 endoplasms
  3 giant cockroaches
  7 goblins
  10 hobgoblins
  5 jackals
  A quokka (D:4)
  2 frilled lizards
  2 goblin zombies (Ossuary)
  A hobgoblin zombie (Ossuary)
  2 jackal zombies (Ossuary)
  18 kobolds
  2 kobold zombies (Ossuary)
  6 rats
  A rat zombie (Ossuary)
  A fire vortex (D:14)
612 creatures vanquished.

Vanquished Creatures (others)
  A wolf (Lair:5)
  2 kobolds (D:9)
  A bush (Lair:4)
  29 fungi
  60 plants
  2 withered plants (D:15)
95 creatures vanquished.

Grand Total: 707 creatures vanquished

Notes
Turn   | Place    | Note
-------+----------+-------------------------------------------
     0 | D:1      | shayaa the Barachi Fighter began the quest for the Orb.
     0 | D:1      | Reached XP level 1. HP: 18/18 MP: 1/1
   333 | D:1      | Reached XP level 2. HP: 25/25 MP: 2/2
   496 | D:1      | Found a faded altar of an unknown god.
   897 | D:2      | Found Enauk's Antique Weapon Boutique.
   934 | D:2      | Noticed Jessica
   941 | D:2      | Killed Jessica
   942 | D:2      | Reached skill level 3 in Axes
   942 | D:2      | Reached XP level 3. HP: 22/30 MP: 3/3
  1091 | D:2      | Reached XP level 4. HP: 33/37 MP: 4/4
  1504 | D:2      | Found the +1 Delatra's gloves {ID++}
  1747 | D:3      | Reached XP level 5. HP: 24/42 MP: 5/5
  1757 | D:3      | Reached skill level 4 in Axes
  1904 | D:3      | Reached skill level 5 in Armour
  1944 | D:3      | Noticed Sigmund
  1987 | D:4      | Reached skill level 1 in Dodging
  1991 | D:4      | Reached XP level 6. HP: 43/48 MP: 6/6
  2214 | D:4      | Found a sand-covered staircase.
  2234 | D:4      | Noticed Ijyb
  2248 | D:4      | Killed Ijyb
  2249 | D:4      | Reached skill level 5 in Axes
  2256 | Ossuary  | Entered an ossuary
  2275 | Ossuary  | Reached XP level 7. HP: 47/55 MP: 7/7
  2961 | D:4      | Found a sparkling altar of Nemelex Xobeh.
  3007 | D:4      | Reached skill level 6 in Axes
  3176 | D:3      | Identified the +6 dagger "Alofod" {flame, rN+++ Str+4 Int-2
                  | Dex+3}
  3261 | D:3      | Found an iron altar of Okawaru.
  3261 | D:3      | Found a shimmering altar of Xom.
  3265 | D:3      | Found a glowing golden altar of the Shining One.
  3267 | D:3      | Found a hide-covered altar of Uskayaw.
  3270 | D:3      | Became a worshipper of the Shining One
  3499 | D:3      | Killed Sigmund
  3500 | D:3      | Reached skill level 1 in Stealth
  3526 | D:5      | Entered Level 5 of the Dungeon
  3536 | D:5      | Reached XP level 8. HP: 61/61 MP: 8/8
  3604 | D:5      | Reached skill level 5 in Fighting
  3604 | D:5      | Reached skill level 1 in Short Blades
  4370 | D:5      | Identified the +0 pair of gloves of the Thunderstorm
                  | {Rampage MP+9}
  4620 | D:6      | Reached skill level 5 in Shields
  5182 | D:6      | Reached XP level 9. HP: 51/68 MP: 9/9
  5492 | D:6      | Noticed Maggie
  5506 | D:6      | Killed Maggie
  5507 | D:6      | Reached skill level 7 in Axes
  5507 | D:6      | Reached skill level 1 in Evocations
  5823 | D:7      | Noticed a two-headed ogre
  5829 | D:7      | Killed a two-headed ogre
  6012 | D:7      | Reached skill level 8 in Axes
  6012 | D:7      | Reached skill level 5 in Dodging
  6074 | D:7      | Reached XP level 10. HP: 60/77 MP: 10/10
  6271 | D:7      | Found a staircase to the Ecumenical Temple.
  6283 | Temple   | Entered the Ecumenical Temple
  6694 | D:8      | Reached * piety under the Shining One
  6723 | D:8      | Reached skill level 9 in Axes
  6864 | D:8      | Found an ornate altar of the Wu Jian Council.
  6877 | D:8      | Noticed a two-headed ogre
  6882 | D:8      | Killed a two-headed ogre
  7067 | D:8      | You fall into a shaft and drop 3 floors!
  7080 | D:11     | Reached skill level 10 in Axes
  7094 | D:10     | Entered Level 10 of the Dungeon
  7094 | D:10     | Noticed a two-headed ogre
  7099 | D:10     | Killed a two-headed ogre
  7342 | D:10     | Reached ** piety under the Shining One
  7376 | D:9      | Found Zidghud's Assorted Antiques.
  7492 | D:9      | Bought a slimy platinum ring for 145 gold pieces
  7492 | D:9      | Identified the ring "Bunagh" {EV+5 Str+3} (You bought it in
                  | a shop on level 9 of the Dungeon)
  7551 | D:9      | Noticed Pikel
  7563 | D:9      | Killed Pikel
  7564 | D:9      | Reached skill level 11 in Axes
  7564 | D:9      | Reached XP level 11. HP: 84/84 MP: 11/11
  7681 | D:8      | Found an opulent altar of Gozag.
  7690 | D:8      | Reached skill level 10 in Armour
  7876 | D:8      | Noticed Grum
  7884 | D:8      | Killed Grum
  8188 | D:9      | Reached skill level 12 in Axes
  8262 | D:9      | Noticed Erica
  8269 | D:9      | Killed Erica
  8684 | D:10     | Found a staircase to the Lair.
  8795 | Lair:1   | Entered Level 1 of the Lair of Beasts
  8938 | Lair:1   | Reached skill level 13 in Axes
  9050 | Lair:1   | Reached XP level 12. HP: 90/93 MP: 12/12
  9458 | Lair:1   | Noticed a catoblepas
  9474 | Lair:1   | Killed a catoblepas
  9475 | Lair:1   | Reached skill level 10 in Shields
  9755 | Lair:1   | Noticed Gastronok
  9775 | Lair:1   | Killed Gastronok
  9905 | Lair:1   | Noticed Harold
  9911 | Lair:1   | Killed Harold
  9912 | Lair:1   | Reached skill level 14 in Axes
 10381 | Lair:2   | Found a transporter.
 10525 | Lair:2   | Found a transporter.
 10528 | Lair:2   | Reached *** piety under the Shining One
 10688 | Lair:2   | You fall into a shaft and drop 1 floor!
 10916 | Lair:3   | Gained mutation: You can hop long distances. [Barachi
                  | growth]
 10916 | Lair:3   | Reached XP level 13. HP: 101/101 MP: 13/13
 11115 | Lair:2   | Learned a level 1 spell: Apportation
 11731 | Lair:2   | Reached skill level 15 in Axes
 12388 | Lair:3   | Found a staircase to the Snake Pit.
 12412 | Snake:1  | Entered Level 1 of the Snake Pit
 12432 | Lair:3   | Reached skill level 1 in Spellcasting
 12619 | Lair:3   | Reached skill level 1 in Translocations
 12736 | Lair:3   | Reached skill level 10 in Fighting
 13239 | Lair:3   | Found a staircase to the Shoals.
 13677 | Shoals:1 | Entered Level 1 of the Shoals
 13999 | Lair:4   | Reached **** piety under the Shining One
 14177 | Lair:4   | Reached XP level 14. HP: 103/113 MP: 16/16
 14184 | Lair:4   | Reached skill level 16 in Axes
 14338 | Lair:4   | Identified a scroll of acquirement
 14340 | Lair:4   | Acquired a manual of Transmutations
 14440 | Lair:4   | Identified the ring "Omunwid" {rPois Will+ Int+4}
 15533 | Lair:5   | Entered Level 5 of the Lair of Beasts
 15837 | D:10     | Noticed Urug
 15848 | D:10     | Killed Urug
 16057 | D:10     | Found a staircase to the Orcish Mines.
 17783 | D:12     | Found a radiant altar of Vehumet.
 18573 | D:13     | Reached ***** piety under the Shining One
 18930 | D:13     | Reached skill level 17 in Axes
 19310 | D:13     | Found a gate to the Vaults.
 19386 | D:13     | Found Hoofonodgh's Assorted Antiques.
 19395 | D:13     | Bought a scroll of enchant weapon for 232 gold pieces
 19395 | D:13     | Bought a potion of heal wounds for 155 gold pieces
 19424 | D:13     | Noticed Snorg
 19438 | D:13     | Killed Snorg
 19504 | D:13     | Reached XP level 15. HP: 121/121 MP: 17/17
 19605 | D:14     | Got the Anthology of Loathsome Attacks
 20217 | D:14     | Noticed Rupert
 20240 | D:14     | Killed Rupert
 20913 | D:15     | Entered Level 15 of the Dungeon
 20930 | D:15     | Reached skill level 5 in Evocations
 21166 | D:15     | Reached skill level 15 in Shields
 21320 | D:15     | Found Reycsik's Armour Shoppe.
 21347 | D:15     | Found a staircase to the Depths.
 21373 | D:15     | Reached ****** piety under the Shining One
 21590 | D:15     | Reached skill level 18 in Axes
 21707 | Depths:1 | Entered Level 1 of the Depths
 21748 | Depths:1 | Noticed a frost giant
 21761 | Depths:1 | HP: 2/123 [ice dragon/blast of cold (46)]
 23229 | Lair:5   | Reached XP level 16. HP: 126/131 MP: 18/18
 23495 | Lair:5   | Found a runed translucent door.
 23495 | Lair:5   | Noticed an acid blob
 23496 | Lair:5   | Found a staircase to the Slime Pits.
 23501 | Lair:5   | Killed an acid blob
 23509 | Slime:1  | Entered Level 1 of the Pits of Slime
 23511 | Slime:1  | Gained mutation: You are clumsy. (Dex -2) [a shining eye]
 23511 | Slime:1  | Gained mutation: Your magical capacity is low. (-10% MP) [a
                  | shining eye]
 23514 | Slime:1  | Gained mutation: You are dopey. (Int -2) [a shining eye]
 23515 | Slime:1  | Gained mutation: You sometimes lose your temper in combat.
                  | [a shining eye]
 23517 | Slime:1  | Gained mutation: You are frail. (-10% HP) [a shining eye]
 23518 | Slime:1  | Gained mutation: You are partially covered in iridescent
                  | scales. (AC +2) [a shining eye]
 23537 | Slime:1  | Noticed an azure jelly
 23559 | Slime:1  | Noticed a rockslime
 23568 | Lair:5   | Killed an azure jelly
 23571 | Lair:5   | Killed a rockslime
 23992 | Lair:5   | HP: 4/118 [14-headed hydra (10)]
 23992 | Lair:5   | Slain by a 14-headed hydra

Illustrated notes

Levels and vault maps discovered:
D:1:      nzn_arrival_crosshair, layout_loops_corners,
          ebering_ecumenical_altar_abandoned
D:2:      minmay_spotlight, layout_rooms, serial_shops, nicolae_square_shop,
          minmay_misc_feat_cross, pf_guarded_unrand_delatra, uniq_jessica
D:3:      layout_rooms, minitemple, uniq_sigmund
D:4:      layout_rooms, nemelex_dance_club_becter,
          nicolae_ossuary_entry_false_entrances, grunt_ministairs_14,
          minmay_manual_mail, uniq_ijyb
D:5:      layout_loops_ring
D:6:      layout_loops_ring, uniq_maggie
D:7:      layout_rooms, lemuel_temple_firewalk_b
D:8:      layout_rooms, lemuel_tele_altar, mainiacjoe_overflow_24_doors,
          uniq_grum
D:9:      layout_big_octagon, serial_shops, shop, minmay_misc_feat_more_columns,
          uniq_erica, uniq_pikel
D:10:     layout_basic, minmay_lair_entry_grove, orc_0_dummy, uniq_urug
D:11:     layout_gridville
D:12:     layout_basic, nicolae_vehumet_radiance
D:13:     layout_irregular_city, david_vaults_1, grunt_livestock,
          nicolae_stop_n_shop_2, lemuel_nasty_fountain, uniq_snorg
D:14:     layout_basic, uniq_rupert
D:15:     gammafunk_depths_entry_grave, layout_loops_ring,
          nicolae_twisting_strands, serial_undead, serial_undead_b,
          serial_undead_b, serial_undead_f, serial_undead_e, serial_shops, shop
Temple:   nicolae_temple_superstar
Lair:1:   layout_chaotic_city, grunt_megastairs_3, infiniplex_staircase_pool_2,
          serial_bayou_shore_a, uniq_gastronok, uniq_harold
Lair:2:   gammafunk_cloud_chamber, layout_cave_pods
Lair:3:   nzn_motion_control, layout_hall_layers, nicolae_shoals_entry_roost,
          dummy_snake_entry, patterned_corridor, serial_bayou_shore_b,
          grunt_megastairs_1, lemuel_fruit_tree, serial_bayou_shore_b
Lair:4:   layout_cellular_growth, nicolae_lair_grazing_beasts
          [nicolae_sub_lair_graze_edge, nicolae_sub_lair_graze_edge,
          nicolae_sub_lair_graze_edge, nicolae_sub_lair_graze_edge],
          lemuel_fruit_fields
Lair:5:   wormcave, layout_regular_city, hangedman_lair_in_review,
          slime_entry_2, serial_bayou_pond_b, lemuel_fruit_fields
Shoals:1: layout_shoals, serial_shops, nicolae_shop_window_shopping
Snake:1:  layout_chambers, grunt_ministairs_10
Slime:1:  layout_caves
Depths:1: layout_gridlike, hangedman_geh_valley, nicolae_danse_macabre,
          uniq_sojobo

Skill      XL: |  1  2  3  4  5  6  7  8  9 10 11 12 13 14 15 16 |
---------------+-------------------------------------------------+-----
Armour         | 4 5 6 7 8 9 10 11 12 13 14 | 14.2
Axes           | 3 4 5 6 8 11 13 14 15 17 18 | 18.6
Fighting       | 4 5 6 7 8 9 11 12 13 | 13.8
Dodging        | 1 2 3 5 6 |  6.7
Stealth        | 1 |  1.7
Shields        | 4 5 6 8 9 11 12 14 15 16 | 16.3
Short Blades   | 3 4 |  4.3
Evocations     | 2 3 4 5 |  5.4
Spellcasting   | 1 |  1.8
Translocations | 1 |  1.8
Polearms       | |  0.2

Action                     |  1- 3 |  4- 6 |  7- 9 | 10-12 | 13-15 | 16-18 || total
---------------------------+-------+-------+-------+-------+-------+-------++-------
  Melee: War axe           |    68 |    46 |       |       |       |       ||   114
         Hand axe          |       |    89 |    79 |       |       |       ||   168
         Spear             |       |     6 |       |       |       |       ||     6
         Dagger            |       |       |   173 |       |       |       ||   173
         Broad axe         |       |       |    30 |   269 |   544 |    84 ||   927
   Cast: Apportation       |       |       |       |       |     8 |       ||     8
Ability: Hop               |       |       |       |       |     3 |       ||     3
  Evoke: Wand              |       |     2 |    16 |    20 |    23 |     6 ||    67
         Lightning rod     |       |       |       |       |     5 |     1 ||     6
    Use: Potion            |       |     6 |     6 |     4 |    12 |     7 ||    35
         Scroll            |       |       |    13 |     4 |     8 |       ||    25
 Armour: Scale mail        |    33 |    79 |    53 |       |       |       ||   165
         Plate armour      |       |       |    43 |   113 |   359 |    92 ||   607
         Skin              |       |       |    17 |       |       |       ||    17
  Dodge: Dodged            |    52 |    61 |    88 |   120 |   347 |    96 ||   764
  Block: Buckler           |    12 |    22 |    18 |       |       |       ||    52
         Tower shield      |       |       |   165 |   376 |   875 |   149 ||  1565
         Reflection        |       |       |       |     8 |    40 |       ||    48
